 Dungeon Crawl Stone Soup version 0.26-a0-752-gcff87cac9a (webtiles) character file.

Game seed: 6458312458668079405

616604 thethe the Ogre Mage (level 27, -8/335 HPs)
             Began as an Ogre Conjurer on Nov 6, 2020.
             Was the Champion of Vehumet.
             Killed from afar by an ancient lich (72 damage)
             ... with a bolt of negative energy
             ... on level 5 of the Realm of Zot.
             The game lasted 02:24:14 (78318 turns).

thethe the Ogre Mage (Ogre Conjurer)               Turns: 78318, Time: 02:24:15

Health: -8/335     AC:  8    Str: 26    XL:     27
Magic:  41/54      EV:  6    Int: 43    God:    Vehumet [******]
Gold:   2993       SH: 22    Dex:  7    Spells: 14/80 levels left

rFire    + . .     SeeInvis +   N - +7 demon trident "Raisin" {drain, +Blink rF+ Str+2 Int+3}
rCold    . . .     Faith    .   w - +3 tower shield
rNeg     . . .     Spirit   .   v - +2 robe {Archmagi}
rPois    .         Reflect  .   f - +0 hat of Kindness {Str+3}
rElec    .         Harm     .   J - +2 cloak {rCorr}
rCorr    +         Rampage  .   (gloves unavailable)
MR       ++...     Rnd*Rage +   (boots unavailable)
Stlth    +.........             n - amulet "Quwaic" {Regen+ Str+2 Int+6}
HPRegen  1.05/turn              I - +6 ring of intelligence
MPRegen  0.34/turn              U - ring of see invisible

@: about to teleport, no potions, slightly contaminated, constricted, heavily
drained
A: large, unfitting armour, hooves 1, berserk 1, sense surroundings 1, robust 1,
tough skin 1
}: 3/15 runes: decaying, barnacled, silver
a: Renounce Religion, Evoke Blink


You were on level 5 of the Realm of Zot.
You worshipped Vehumet.
Vehumet was exalted by your worship.
You visited 8 branches of the dungeon, and saw 46 of its levels.
You visited the Abyss 1 time.
You also visited: Ossuary and Gauntlet.

You collected 6968 gold pieces.
You spent 3975 gold pieces at shops.

Inventory:

Hand Weapons
 b - the cursed +2 rapier "Amemaop" {vorpal, rElec rF+}
   (You found it on level 5 of the Vaults)

   It inflicts extra damage upon your enemies.
   It protects you from fire.
   It insulates you from electricity.
   It has a curse placed upon it.
 N - the +7 demon trident "Raisin" (weapon) {drain, +Blink rF+ Str+2 Int+3}
   (You found it on level 5 of the Vaults)

   A truly terrible weapon, it drains the life of those it strikes.
   It affects your strength (+2).
   It affects your intelligence (+3).
   It protects you from fire.
   It lets you blink.
Missiles
 o - 278 stones (quivered)
 u - 117 large rocks
Armour
 f - the +0 hat of Kindness (worn) {Str+3}
   (You found it on level 3 of the Shoals)

   It affects your strength (+3).
 v - a +2 robe of the Archmagi (worn)
 w - a +3 tower shield (worn)
 J - a +2 cloak of preservation (worn)
 Q - a +1 troll leather armour
Magical Staves
 W - an uncursed staff of fire
Jewellery
 d - the ring of the Invisible Hand {+Fly rF+}
   (You found it on level 4 of the Shoals)

   [ring of protection from fire]

   It protects you from fire.
   It lets you fly.
 n - the amulet "Quwaic" (around neck) {Regen+ Str+2 Int+6}
   (You took it off a fire giant on level 2 of the Depths)

   [amulet of regeneration]

   It affects your strength (+2).
   It affects your intelligence (+6).
   It increases your rate of regeneration.
 r - the ring of Qoroiw {Wiz +Inv Slay+3 Stlth+}
   (You bought it in a shop on level 2 of the Orcish Mines)

   [ring of wizardry]

   It improves your spell success rate.
   It affects your accuracy and damage with ranged weapons and melee attacks
   (+3).
   It lets you turn invisible.
   It makes you more stealthy.
 I - a +6 ring of intelligence (left hand)
 U - a ring of see invisible (right hand)
 X - an uncursed amulet of reflection
 Z - a +4 ring of protection
Wands
 h - a wand of enslavement (13)
 s - a wand of paralysis (26)
 x - a wand of flame (149)
 y - a wand of digging (17)
 C - a wand of polymorph (17)
 L - a wand of random effects (22)
 O - a wand of iceblast (96)
 Y - a wand of disintegration (20)
Scrolls
 a - 7 scrolls of magic mapping
 g - 9 scrolls of immolation
 i - 3 scrolls of amnesia
 l - 15 scrolls of teleportation
 D - 8 scrolls of fog
 E - 32 scrolls of identify
 P - 33 scrolls of remove curse
 S - 13 scrolls of fear
 V - 2 scrolls of holy word
Potions
 c - 15 potions of might
 e - 31 potions of curing
 j - 4 potions of cancellation
 k - 15 potions of flight
 m - 14 potions of lignification
 p - 5 potions of mutation
 q - 10 potions of heal wounds
 t - 2 potions of resistance
 A - 7 potions of haste
 B - 4 potions of invisibility
 G - 4 potions of brilliance
 T - 2 potions of magic
Miscellaneous
 z - a condenser vane
 F - a tin of tremorstones (2/2)
 H - a box of beasts
 K - a phantom mirror
 M - a lightning rod (4/4)
 R - a phial of floods


   Skills:
 + Level 23.2(20.6) Fighting
 - Level 6.0(4.2) Staves
 - Level 5.0(3.2) Dodging
 - Level 1.4(0.0) Stealth
 - Level 15.0(12.7) Shields
 + Level 5.0(3.2) Unarmed Combat
 O Level 27(24.1) Spellcasting
 + Level 14.0(11.8) Conjurations
 - Level 5.0(3.2) Hexes
 - Level 4.0(2.3) Transmutations
 + Level 12.4(10.2) Fire Magic
 * Level 20.0(17.5) Ice Magic
 - Level 4.0(2.3) Earth Magic
   Level 3.0(1.3) Poison Magic
 + Level 7.6(5.7) Evocations


You had 14 spell levels left.
You knew the following spells:

 Your Spells              Type           Power        Failure   Level
a - Ignition              Fire           ########..   14%         8
b - Blink                 Tloc           N/A          1%          2
c - Statue Form           Tmut/Erth      #######..    32%         6
d - Starburst             Conj/Fire      ########..   1%          6
e - Frozen Ramparts       Ice            ######       0%          3
f - Invisibility          Hex            #######.     22%         6
g - Ozocubu's Armour      Ice            ########     0%          3
h - Irradiate             Conj/Tmut      ########..   1%          5
i - Ozocubu's Refrigerat  Ice            ########..   1%          6
j - Sublimation of Blood  Necr           ######....   1%          2
k - Apportation           Tloc           ######       1%          1
m - Absolute Zero         Ice            ########..   11%         9
n - Fire Storm            Conj/Fire      ########..   78%         9

Your spell library contained the following spells:

 Spells                   Type           Power        Failure   Level
 Chain Lightning          Conj/Air       ########..   58%         8
 Foxfire                  Conj/Fire      ####         0%          1
 Freeze                   Ice            ####         0%          1
 Magic Dart               Conj           ####         0%          1
 Searing Ray              Conj           ######       0%          2
 Conjure Flame            Conj/Fire      ########     0%          3
 Hailstorm                Conj/Ice       ########     0%          4
 Animate Skeleton         Necr           ######       1%          1
 Beastly Appendage        Tmut           ######       1%          1
 Corona                   Hex            #######      1%          1
 Pain                     Necr           ####         1%          1
 Sandblast                Erth           ######       1%          1
 Sting                    Tmut/Pois      ####         1%          1
 Summon Small Mammal      Summ           ####         1%          1
 Call Imp                 Summ           ######..     1%          2
 Passwall                 Tmut/Erth      #######.     1%          2
 Slow                     Hex            #######.     1%          2
 Wereblood                Tmut           #######.     1%          2
 Call Canine Familiar     Summ           ######..     1%          3
 Dazzling Flash           Conj/Hex       ######       1%          3
 Gell's Gravitas          Tloc           ######....   1%          3
 Ignite Poison            Fire/Tmut/Pois #######.     1%          3
 Inner Flame              Hex/Fire       ########     1%          3
 Lesser Beckoning         Tloc           ######....   1%          3
 Mephitic Cloud           Conj/Pois/Air  #######.     1%          3
 Portal Projectile        Hex/Tloc       ######       1%          3
 Spider Form              Tmut/Pois      #######...   1%          3
 Static Discharge         Conj/Air       ########     1%          3
 Summon Guardian Golem    Hex/Summ       #######.     1%          3
 Teleport Other           Tloc           ######..     1%          3
 Tukima's Dance           Hex            #######.     1%          3
 Vampiric Draining        Necr           ######....   1%          3
 Cause Fear               Hex            #######...   1%          4
 Fulminant Prism          Conj/Hex       ########..   1%          4
 Ice Form                 Ice/Tmut       ########     1%          4
 Iskenderun's Mystic Bla  Conj/Tloc      ########     1%          4
 Leda's Liquefaction      Hex/Erth       #######...   1%          4
 Olgreb's Toxic Radiance  Pois           #######.     1%          4
 Petrify                  Tmut/Erth      #######.     1%          4
 Sticky Flame             Conj/Fire      ########     1%          4
 Summon Ice Beast         Ice/Summ       ########     1%          4
 Bolt of Magma            Conj/Fire/Erth ########..   1%          5
 Fireball                 Conj/Fire      ########..   1%          5
 Iskenderun's Battlesphe  Conj           ########     1%          5
 Lightning Bolt           Conj/Air       ########..   1%          5
 Metabolic Englaciation   Hex/Ice        ########..   1%          5
 Yara's Violent Unravell  Hex/Tmut       #######...   1%          5
 Freezing Cloud           Conj/Ice/Air   ########..   1%          6
 Iron Shot                Conj/Erth      ########..   1%          6
 Orb of Destruction       Conj           ########..   1%          7
 Conjure Ball Lightning   Conj/Air       ########..   2%          6
 Simulacrum               Ice/Necr       ########..   2%          6
 Animate Dead             Necr           ######....   5%          4
 Passage of Golubria      Tloc           N/A          5%          4
 Summon Lightning Spire   Summ/Air       ######..     5%          4
 Blade Hands              Tmut           #######...   6%          5
 Alistair's Intoxication  Tmut/Pois      #######..    7%          5
 Silence                  Hex/Air        #######...   8%          5
 Borgnjor's Vile Clutch   Necr/Erth      #######...   10%         5
 Spellforged Servitor     Conj/Summ      ########..   11%         7
 Agony                    Necr           ######..     16%         5
 Excruciating Wounds      Necr           ######....   16%         5
 Dispersal                Tloc           ######....   63%         6
 Disjunction              Tloc           ######....   100%        8
 Shatter                  Erth           #######...   100%        9
 Tornado                  Air            ######....   100%        9


Dungeon Overview and Level Annotations

Branches:
Dungeon (15/15)            Temple (0/1) D:6            Lair (6/6) D:11
  Swamp (4/4) Lair:3       Shoals (4/4) Lair:2        Slime (0/5) Lair:5
    Orc (2/2) D:10            Elf (0/3) Orc:2        Vaults (5/5) D:14
  Crypt (0/3) Vaults:2     Depths (5/5) D:15            Zot (5/5) Depths:5
Ossuary (visited)         Gauntlet (visited)
  Snake: Lair:2-4    Spider: Lair:2-4

Altars:
Ashenzari
Dithmenos
Fedhas
Hepliaklqana
Kikubaaqudgha
Makhleb
Okawaru
Trog
Vehumet
Wu Jian
Zin
Beogh

Shops:
D:14 :   Orc:2 ***!:   Shoals:1 :   Shoals:2 =   Vaults:1 }:*   Vaults:3 !
Zot:5 *   Depths:1 ?   Depths:2 !   Depths:4 *

Portals:
Hell: Depths:1 Depths:2 Depths:3 Depths:4 Depths:5
Abyss: Depths:3 Depths:4 Depths:5
Pandemonium: Depths:1 Depths:2 Depths:3 Depths:5
Ziggurat: Depths:1
Trove: D:14 (give 4 scrolls of fog)

Annotations:
D:3 Grinder
Lair:1 2 transporters
Zot:5 25 runed doors, 1 exclusion


Innate Abilities, Weirdness & Mutations

You are too large for most types of armour.
You have tough skin. (AC +1)
You have large cloven feet.
You tend to lose your temper in combat.
You passively map a small area around you.
You are robust. (+10% HP)


Message History

You block the tentacled monstrosity's attack.
The tentacled monstrosity constricts you!
An Orb Guardian comes into view.
The Orb Guardian disappears!
The ancient lich gestures at you while chanting.
The bolt of negative energy hits the tentacled monstrosity.
The tentacled monstrosity completely resists.
The bolt of negative energy hits you!!!
You feel drained.
* * * LOW HITPOINT WARNING * * *
An Orb Guardian comes into view.
As you read the scroll of teleportation, it crumbles to dust.
You feel strangely unstable.
You feel the Orb delaying your translocation!
You block the Orb Guardian's attack. x2
The ancient lich gestures at you while chanting.
The bolt of negative energy hits the tentacled monstrosity.
The tentacled monstrosity completely resists.
The bolt of negative energy hits you!!!!
You feel drained.
You die...

▓▓▓▓▓▓▓▓▓▓▓▓▓▓▓
▓▓▓▓......†......▓▓**
▓▓▓:........X@§......,**
▓▓...........XXX....^.,,** *
▓...........X.X.......,,^*
**▓.....8..[X...........,,,*
.*▓.......X......L......^,**
..▓...)..........)......,**
§X§§.^...XL.......[....^**
..▓.....................^**
.▓▓...............(...,,,,**


You could see a tentacled monstrosity (misshapen), 2 ancient liches and 8 Orb
Guardians.

Vanquished Creatures
  3 ancient liches
  2 orbs of fire the Lernaean hydra (Swamp:4)
  Sojobo (Depths:1)
  2 Killer Klowns
  Bai Suzhen (Depths:2)
  10 golden dragons
  Nikola (Vaults:2)
  the Enchantress (Depths:3)
  2 bone dragons (Depths:3)
  Jorgrun (Shoals:2)
  4 electric golems
  18 tentacled monstrosities
  2 liches
  6 Orb Guardians (Zot:5)
  4 titans
  8 quicksilver dragons
  A tentacled starspawn (Abyss:5)
  The ghost of Pyrtan the Geomancer, an adept GrEE of Vehumet (Shoals:3)
  12 death cobs
  14 shadow dragons
  6 sphinxes
  A thorn hunter (Swamp:4)
  23 storm dragons
  8 tengu reavers
  Roxanne (D:14)
  4 draconian monks
  16 fire giants
  8 draconian knights
  A fenstrider witch (Swamp:4)
  3 draconian scorchers
  4 deep elf sorcerers
  18 vault wardens
  7 frost giants
  A cacodemon (Depths:2)
  A curse skull (Depths:3)
  4 ghost moths
  An orc warlord (Orc:2)
  7 draconian stormcallers
  3 spriggan defenders (Depths:3)
  2 war gargoyles (Vaults:5)
  7 draconian shifters
  A ghoul (Vaults:2)
  2 caustic shrike skeletons (Depths:3)
  12 draconian annihilators
  16 ironheart preservers
  17 stone giants
  19 very ugly things
  2 entropy weavers (Vaults:3)
  A juggernaut skeleton (Depths:3)
  A lorocyproca (Abyss:5)
  3 deep elf demonologists
  8 green draconians
  7 vampire knights
  13 black draconians
  A deep elf annihilator (Vaults:4)
  7 yellow draconians
  5 bunyips
  A minotaur (Gauntlet)
  14 white draconians
  3 spark wasps (Depths:5)
  9 purple draconians
  12 red draconians
  5 eleionomae
  6 merfolk javelineers
  7 deep elf death magi
  17 ettins
  Josephine (Lair:5)
  A crystal guardian (Vaults:3)
  A fire dragon (shapeshifter) (Depths:3)
  A green death (Depths:1)
  2 shambling mangroves
  A deep elf high priest (Vaults:5)
  12 fire dragons
  8 rakshasas
  12 merfolk impalers
  Erolcha (D:11)
  29 vault guards
  11 great orbs of eyes
  17 ogre magi
  19 yaktaur captains
  The ghost of KennyOmg the Severer, a journeyman MiBe of Trog (D:11)
  10 ice dragons
  2 hell beasts
  2 quicksilver dragon skeletons
  29 hydras
  5 boulder beetles
  5 spriggan air magi
  An anaconda (Lair:6)
  2 catoblepae
  A merfolk avatar (Shoals:1)
  10 centaur warriors
  6 merfolk aquamancers
  7 ghost crabs
  A two-headed ogre (shapeshifter) (D:15)
  A dancing weapon (Vaults:5)
  2 death knights
  42 two-headed ogres
  A satyr (Shoals:3)
  5 deep troll earth magi
  6 alligators
  8 tengu warriors
  5 death yaks
  3 orc high priests
  5 thrashing horrors
  7 deep troll shamans
  Urug (D:13)
  4 vampire magi
  6 spriggan berserkers
  A sun demon (Depths:3)
  3 goliath frogs
  4 soul eaters
  15 skeletal warriors
  3 hell knights
  2 titan skeletons
  3 deep elf knights (Vaults:5)
  3 spriggan druids
  A death drake (shapeshifter) (Vaults:5)
  4 iron trolls
  A sixfirhy (Depths:1)
  3 unseen horrors (shapeshifter)
  17 deep trolls
  A storm dragon skeleton (Depths:3)
  4 glowing orange brains
  A shadow wraith (Vaults:4)
  4 unseen horrors
  3 bog bodies
  4 deep elf archers
  8 flayed ghosts
  10 swamp dragons
  A swamp dragon (shapeshifter) (Depths:5)
  5 wizards
  17 sea snakes
  4 phantasmal warriors
  2 harpies (shapeshifter)
  18 harpies
  20 orc knights
  A tengu zombie (Depths:4)
  3 necromancers (Depths:4)
  A shadow dragon skeleton (Depths:3)
  An orc sorcerer (Orc:1)
  A sphinx zombie (Depths:4)
  A golden dragon skeleton (Depths:3)
  18 ironbrand convokers
  6 will-o-the-wisps
  A cyclops (shapeshifter) (Vaults:5)
  18 manticores
  59 ugly things
  A worldbinder (Abyss:5)
  12 deep elf magi
  6 wolf spiders
  4 fauns
  5 tengu skeletons (Depths:3)
  8 elephants
  28 moths of wrath
  15 cyclopes
  2 moths of wrath (shapeshifter)
  A manticore (shapeshifter) (Vaults:5)
  13 vault sentinels
  9 merfolk sirens
  Joseph (D:7)
  4 frost giant skeletons (Depths:3)
  2 iron dragon skeletons
  3 fire giant skeletons (Depths:3)
  A guardian serpent (Lair:6)
  2 rust devils
  2 guardian serpents (shapeshifter)
  A smoke demon (Abyss:5)
  11 black mambas
  2 centaur zombies
  6 water nymphs
  2 gargoyles
  2 torpor snails (Lair:5)
  Maggie (Lair:1)
  A hellion (Abyss:5)
  21 cane toads
  6 rime drakes
  9 komodo dragons
  3 kobold demonologists (D:11)
  8 freezing wraiths
  43 yaktaurs
  An ancient zyme (Abyss:5)
  3 ice devils (Depths:1)
  3 hellwings
  A troll (shapeshifter) (Depths:2)
  2 elf skeletons (Depths:3)
  4 tengu conjurers
  3 meliai (D:13)
  2 bloated husks
  3 polar bears
  42 merfolk
  A polar bear (shapeshifter) (Vaults:4)
  A merfolk (shapeshifter) (D:14)
  14 tyrant leeches
  7 wind drakes
  2 wolf spider simulacra (Gauntlet)
  2 meliai (shapeshifter)
  3 large abominations (Abyss:5)
  A tengu simulacrum (Vaults:3)
  11 dream sheep
  31 slime creatures
  23 hornets
  10 trolls
  2 human simulacra
  8 blink frogs
  12 snapping turtles
  A raiju (Abyss:5)
  15 flying skulls
  A centaur simulacrum (Gauntlet)
  15 spriggans
  A spriggan (shapeshifter) (Vaults:3)
  2 tarantellas (shapeshifter)
  21 water elementals
  2 ynoxinuls
  8 redbacks
  2 spriggan skeletons (Depths:3)
  A human (shapeshifter) (Depths:1)
  2 yaks (shapeshifter) (Vaults:3)
  2 shadows
  11 wraiths
  33 yaks
  9 basilisks
  3 chaos spawn
  15 wyverns
  Grum (D:8)
  4 steam dragons
  8 vampire mosquitoes
  7 swamp worms
  8 wargs
  A naga (shapeshifter) (Vaults:5)
  A soldier ant (shapeshifter) (Vaults:3)
  A harpy simulacrum (Gauntlet)
  2 acid dragons
  21 water moccasins
  A soldier ant (D:14)
  A hell hound (Depths:1)
  A hydra simulacrum (Gauntlet)
  10 swamp drakes
  A floating eye (shapeshifter) (Vaults:4)
  7 black bears
  45 orc warriors
  A floating eye (Depths:1)
  A human skeleton (Depths:3)
  3 sky beasts
  2 black bears (shapeshifter)
  4 eyes of draining
  2 ice beasts
  2 necrophages
  11 boggarts
  7 wolves
  An ettin simulacrum (Vaults:2)
  61 ogres
  22 centaurs
  24 bullfrogs
  4 big kobolds
  A wyvern zombie (D:11)
  6 scorpions
  8 killer bees
  6 wights
  3 howler monkeys
  A crimson imp (Depths:3)
  2 quasits (Depths:3)
  A bullfrog zombie (D:13)
  32 orc priests
  6 centaur skeletons
  7 gnoll shamans
  6 hounds
  10 jellies
  2 bullfrog skeletons
  2 iron imps (Depths:3)
  16 orc wizards
  Terence (D:2)
  8 iguanas
  Natasha (thrice) (D:4)
  9 worker ants
  3 small abominations (Abyss:5)
  A big kobold zombie (Ossuary)
  9 mummies
  Robin (D:3)
  22 gnolls
  14 adders
  6 shadow imps
  3 white imps
  5 ufetubi
  2 oozes (D:4)
  An adder zombie (D:6)
  An adder skeleton (D:8)
  3 dart slugs (D:1)
  9 leopard geckos
  119 orcs
  3 ball pythons
  9 giant cockroaches
  19 goblins
  8 hobgoblins
  14 kobolds
  6 quokkas
  6 bats
  4 frilled lizards
  2 gnoll zombies (Ossuary)
  2 kobold zombies (Ossuary)
  A leopard gecko skeleton (D:4)
  3 orc zombies (Ossuary)
  4 rats
  4 blocks of ice
  A starspawn tentacle (Abyss:5)
2227 creatures vanquished.

Vanquished Creatures (others)
  A bloated husk (Swamp:2)
  A small abomination (Abyss:5)
  480 blocks of ice
  3 bushes
  4 fire vortices
  12 foxfires
  9 fulminant prisms
  55 fungi
  360 plants
  3 starspawn tentacles (Abyss:5)
928 creatures vanquished.

Grand Total: 3155 creatures vanquished

Notes
Turn   | Place    | Note
-------+----------+-------------------------------------------
     0 | D:1      | thethe the Ogre Conjurer began the quest for the Orb.
     0 | D:1      | Reached XP level 1. HP: 16/16 MP: 3/3
   138 | D:1      | Reached XP level 2. HP: 24/24 MP: 0/5
   142 | D:1      | Learned a level 2 spell: Searing Ray
   336 | D:1      | Reached skill level 3 in Spellcasting
   472 | D:1      | Reached XP level 3. HP: 31/31 MP: 0/7
  1544 | D:2      | Noticed Terence
  1552 | D:2      | Killed Terence
  1552 | D:2      | Reached skill level 1 in Fighting
  1552 | D:2      | Reached XP level 4. HP: 41/41 MP: 0/9
  2210 | D:2      | Found a burning altar of Makhleb.
  2212 | D:2      | Found a radiant altar of Vehumet.
  2217 | D:2      | Became a worshipper of Vehumet
  2448 | D:2      | Reached skill level 4 in Spellcasting
  2805 | D:3      | Found a broken altar of Ashenzari.
  2886 | D:3      | Noticed Robin
  2894 | D:3      | Killed Robin
  2894 | D:3      | Reached XP level 5. HP: 48/48 MP: 0/11
  3220 | D:3      | Noticed Grinder
  3431 | D:3      | Found a hazy altar of Hepliaklqana.
  3651 | D:3      | Paralysed by Grinder for 3 turns
  3668 | D:3      | Paralysed by Grinder for 5 turns
  3673 | D:3      | Noticed a moth of wrath
  3924 | D:3      | Reached * piety under Vehumet
  3924 | D:3      | Offered knowledge of Foxfire by Vehumet.
  3929 | D:3      | Learned a level 3 spell: Dazzling Flash
  3934 | D:3      | Learned a level 4 spell: Fulminant Prism
  4749 | D:4      | Found an iron altar of Okawaru.
  4766 | D:4      | Reached skill level 5 in Conjurations
  4766 | D:4      | Reached XP level 6. HP: 42/59 MP: 4/13
  5190 | D:4      | Reached skill level 5 in Spellcasting
  5190 | D:4      | Reached skill level 1 in Hexes
  5500 | D:4      | Noticed Natasha
  5502 | D:4      | Killed Natasha
  5710 | D:5      | Entered Level 5 of the Dungeon
  5712 | D:5      | Reached XP level 7. HP: 67/67 MP: 10/15
  5725 | D:4      | Noticed Natasha
  5727 | D:4      | Killed Natasha
  5759 | D:4      | Noticed Natasha
  5761 | D:4      | Killed Natasha
  5939 | D:5      | Found a blossoming altar of Fedhas.
  6010 | D:5      | Found a sand-covered staircase.
  6035 | Ossuary  | Entered an ossuary
  6189 | Ossuary  | Reached skill level 6 in Spellcasting
  6190 | Ossuary  | Reached ** piety under Vehumet
  6190 | Ossuary  | Offered knowledge of Shock by Vehumet.
  6715 | D:5      | Reached XP level 8. HP: 78/78 MP: 15/17
  7828 | D:6      | Reached skill level 7 in Spellcasting
  7934 | D:6      | Offered knowledge of Frozen Ramparts by Vehumet.
  7934 | D:6      | Reached skill level 5 in Fighting
  7937 | D:6      | Reached skill level 1 in Evocations
  7943 | D:6      | Learned a level 3 spell: Frozen Ramparts
  8290 | D:6      | Found a staircase to the Ecumenical Temple.
  8370 | D:6      | Reached *** piety under Vehumet
  8497 | D:6      | You fall into a shaft and drop 2 floors!
  8537 | D:8      | Noticed Grum
  8545 | D:8      | Reached skill level 1 in Ice Magic
  8545 | D:8      | Reached XP level 9. HP: 78/88 MP: 18/20
  8553 | D:8      | Killed Grum
  8941 | D:7      | Noticed Joseph
  8950 | D:7      | Killed Joseph
  8950 | D:7      | Reached skill level 1 in Shields
  8950 | D:7      | Reached skill level 8 in Spellcasting
  8954 | D:7      | Offered knowledge of Sticky Flame by Vehumet.
  8966 | D:7      | Learned a level 4 spell: Sticky Flame
  9229 | D:7      | Learned a level 3 spell: Ozocubu's Armour
  9387 | D:7      | Reached skill level 1 in Fire Magic
  9920 | D:7      | Reached XP level 10. HP: 78/100 MP: 14/22
  9920 | D:7      | Reached **** piety under Vehumet
  9923 | D:7      | Offered knowledge of Irradiate by Vehumet.
  9930 | D:7      | Learned a level 5 spell: Irradiate
 11599 | D:8      | Found an ornate altar of the Wu Jian Council.
 12347 | D:9      | Found an ancient bone altar of Kikubaaqudgha.
 12513 | D:9      | Found a glowing silver altar of Zin.
 12514 | D:9      | Noticed an angel
 12525 | D:9      | Reached skill level 1 in Transmutations
 12710 | D:10     | Entered Level 10 of the Dungeon
 12739 | D:10     | Reached skill level 9 in Spellcasting
 12749 | D:10     | Reached ***** piety under Vehumet
 12809 | D:10     | Offered knowledge of Olgreb's Toxic Radiance by Vehumet.
 12816 | D:10     | Learned a level 4 spell: Olgreb's Toxic Radiance
 13039 | D:10     | Noticed a green ugly thing
 13047 | D:10     | Killed a green ugly thing
 13055 | D:10     | Reached skill level 1 in Poison Magic
 13081 | D:10     | Reached XP level 11. HP: 17/109 MP: 10/24
 13843 | D:10     | Found a staircase to the Orcish Mines.
 14272 | D:11     | Found a staircase to the Lair.
 14421 | D:11     | Noticed Erolcha
 14439 | D:11     | Killed Erolcha
 14564 | D:11     | Noticed a sun demon
 14726 | D:11     | Found a roughly hewn altar of Beogh.
 14726 | D:11     | Noticed an orc knight
 14732 | D:11     | Reached skill level 5 in Hexes
 14744 | D:11     | Killed an orc knight
 15017 | D:11     | Reached skill level 10 in Spellcasting
 15111 | D:11     | Noticed an 11-headed hydra
 15112 | D:11     | Found a runed translucent gate.
 15115 | D:11     | Found a runed translucent gate.
 15116 | D:11     | Found a runed translucent gate.
 15117 | D:11     | Noticed KennyOmg's ghost (journeyman MiBe)
 15177 | D:11     | Noticed a red ugly thing
 15184 | D:11     | Killed a red ugly thing
 15279 | Lair:1   | Entered Level 1 of the Lair of Beasts
 15289 | Lair:1   | Reached skill level 5 in Shields
 15341 | Lair:1   | Found a transporter.
 15622 | Lair:1   | Noticed a six-headed hydra
 15630 | Lair:1   | Killed a six-headed hydra
 15630 | Lair:1   | Offered knowledge of Lee's Rapid Deconstruction by Vehumet.
 15630 | Lair:1   | Reached skill level 5 in Fire Magic
 15634 | Lair:1   | Reached XP level 12. HP: 119/119 MP: 19/26
 15844 | Lair:1   | Noticed Maggie
 15850 | Lair:1   | Killed Maggie
 16046 | Lair:1   | Found a transporter.
 16550 | Lair:2   | Found a staircase to the Shoals.
 17013 | Lair:2   | Reached skill level 11 in Spellcasting
 17405 | Lair:2   | Offered knowledge of Lightning Bolt by Vehumet.
 17684 | Lair:3   | Found a staircase to the Swamp.
 17880 | Lair:3   | Reached skill level 10 in Conjurations
 17931 | Lair:3   | Noticed a catoblepas
 17951 | Lair:3   | Killed a catoblepas
 18199 | Lair:3   | Reached XP level 13. HP: 107/131 MP: 20/28
 19065 | Lair:4   | Reached skill level 12 in Spellcasting
 19146 | Lair:4   | Reached skill level 10 in Fighting
 20716 | Lair:5   | Found a staircase to the Slime Pits.
 20931 | Lair:5   | Noticed Josephine
 20945 | Lair:5   | Killed Josephine
 21338 | Lair:6   | Entered Level 6 of the Lair of Beasts
 21410 | Lair:6   | Identified Ratzood's Papyrus of Enthralling Stones
 21427 | Lair:6   | Learned a level 6 spell: Ozocubu's Refrigeration
 21564 | Lair:6   | Reached XP level 14. HP: 146/146 MP: 20/30
 21564 | Lair:6   | Reached skill level 5 in Ice Magic
 21985 | Lair:6   | Reached skill level 13 in Spellcasting
 22254 | Lair:6   | Paralysed by a hornet for 2 turns
 23492 | Lair:6   | Reached skill level 14 in Spellcasting
 23897 | Lair:6   | Identified the +1 war axe of Nefud {antimagic, +Blink rElec
                  | Str-2 Int+3} (You found it on level 6 of the Lair of
                  | Beasts)
 25522 | Orc:1    | Entered Level 1 of the Orcish Mines
 25525 | Orc:1    | Offered knowledge of Bolt of Magma by Vehumet.
 25533 | Orc:1    | Learned a level 5 spell: Bolt of Magma
 25797 | Orc:1    | Reached skill level 10 in Ice Magic
 26029 | Orc:1    | Reached XP level 15. HP: 153/153 MP: 26/33
 26317 | Orc:2    | Entered Level 2 of the Orcish Mines
 26487 | Orc:2    | Reached skill level 10 in Shields
 26491 | Orc:2    | Found Kisec's Book Shoppe.
 26981 | Orc:2    | Found Eliynon's Assorted Antiques.
 26981 | Orc:2    | Found Gaogucwih's Distillery.
 26982 | Orc:2    | Found Xagaush's Assorted Antiques.
 26982 | Orc:2    | Found Hiatub's Assorted Antiques.
 27136 | Orc:2    | Bought a potion of heal wounds for 80 gold pieces
 27196 | Orc:2    | Found a staircase to the Elven Halls.
 27326 | Orc:2    | Offered knowledge of Orb of Destruction by Vehumet.
 27329 | Orc:2    | Noticed an orc warlord
 27335 | Orc:2    | Killed an orc warlord
 29668 | D:13     | Noticed Urug
 29671 | D:13     | Killed Urug
 29890 | D:13     | Reached XP level 16. HP: 161/166 MP: 26/34
 30186 | D:13     | Offered knowledge of Starburst by Vehumet.
 30708 | D:14     | Found Omitsan's Book Boutique.
 30717 | D:14     | Bought a book of Power for 630 gold pieces
 30717 | D:14     | Bought a book of the Tempests for 980 gold pieces
 30731 | D:14     | Reached skill level 15 in Spellcasting
 30744 | D:14     | Found a portal to a secret trove of treasure.
 30809 | D:14     | Found a gate to the Vaults.
 30872 | D:14     | Found a gate leading to a gauntlet.
 30878 | Gauntlet | Entered a Gauntlet
 30878 | Gauntlet | Found a transporter.
 30956 | Gauntlet | Found a transporter.
 30971 | Gauntlet | Found a transporter.
 30976 | Gauntlet | Found a transporter.
 30997 | Gauntlet | Found a transporter.
 31010 | Gauntlet | Found a transporter.
 31022 | Gauntlet | Found a transporter.
 31030 | Gauntlet | Found a transporter.
 31030 | Gauntlet | Found a transporter.
 31047 | Gauntlet | Found a transporter.
 31053 | Gauntlet | Found a transporter.
 31068 | Gauntlet | Found a transporter.
 31074 | Gauntlet | Found a transporter.
 31089 | Gauntlet | Found a transporter.
 31106 | Gauntlet | Found a transporter.
 31126 | Gauntlet | Found a transporter.
 31153 | Gauntlet | Found a transporter.
 31189 | Gauntlet | Found a transporter.
 31310 | Gauntlet | Learned a level 1 spell: Apportation
 31438 | Gauntlet | Identified the Collected Works on the Unstable Mountains
 31446 | Gauntlet | Got an encrusted kite shield
 31447 | Gauntlet | Identified the cursed -9 kite shield of Mental Paralysis
                  | {rPois Str+8 Int-3 Stlth+} (You found it in a Gauntlet)
 32026 | D:14     | Identified Roxanne's Disquisition on the Rocks
 32026 | D:14     | Noticed Roxanne
 32045 | D:14     | Killed Roxanne
 32398 | D:15     | Entered Level 15 of the Dungeon
 32836 | D:15     | Found a staircase to the Depths.
 32945 | D:15     | Reached skill level 1 in Staves
 33205 | D:15     | Found a blossoming altar of Fedhas.
 33596 | Swamp:1  | Entered Level 1 of the Swamp
 33985 | Swamp:1  | Offered knowledge of Conjure Ball Lightning by Vehumet.
 34045 | Swamp:1  | Reached ****** piety under Vehumet
 34573 | Swamp:1  | Reached XP level 17. HP: 129/178 MP: 13/36
 35594 | Swamp:2  | Reached skill level 16 in Spellcasting
 36941 | Swamp:4  | Entered Level 4 of the Swamp
 37549 | Swamp:4  | Offered knowledge of Fire Storm by Vehumet.
 37549 | Swamp:4  | Offered knowledge of Chain Lightning by Vehumet.
 37549 | Swamp:4  | Offered knowledge of Absolute Zero by Vehumet.
 38316 | Swamp:4  | Noticed the 27-headed Lernaean hydra
 38323 | Swamp:4  | Killed the 27-headed Lernaean hydra
 38336 | Swamp:4  | Reached skill level 5 in Evocations
 38517 | Swamp:4  | Reached XP level 18. HP: 188/189 MP: 11/38
 38943 | Swamp:4  | Got a decaying rune of Zot
 39527 | Shoals:1 | Entered Level 1 of the Shoals
 39768 | Shoals:1 | Found Qengom's Book Shoppe.
 39837 | Shoals:1 | Bought a book of Fire for 1040 gold pieces
 39845 | Shoals:1 | Learned a level 7 spell: Orb of Destruction
 40003 | Shoals:1 | Reached skill level 5 in Staves
 40366 | Shoals:1 | Reached skill level 17 in Spellcasting
 41807 | Shoals:2 | Found Layg's Jewellery Shoppe.
 41813 | Shoals:2 | Identified the +8 hand axe of a treasure trove {speed, rF+
                  | rC- Int+4} (You found it on level 2 of the Shoals)
 41953 | Shoals:2 | Noticed Jorgrun
 41959 | Shoals:2 | Killed Jorgrun
 42866 | Shoals:3 | Found a shadowy altar of Dithmenos.
 43031 | Shoals:3 | Identified the +6 trident "Duih" {distort, rElec Str+4}
 43041 | Shoals:3 | Noticed Pyrtan's ghost (adept GrEE)
 43076 | Shoals:3 | Found a transporter.
 43085 | Shoals:3 | Found a bloodstained altar of Trog.
 43088 | Shoals:3 | Identified the +2 trident of Satyriasis {antimagic, *Rage
                  | rN+++ Dex-5 SInv}
 43091 | Shoals:3 | Killed Pyrtan's ghost
 43137 | Shoals:3 | Found a transporter.
 43207 | Shoals:3 | Got a distressingly furry hat
 43208 | Shoals:3 | Identified the +0 hat of Kindness {Str+3} (You found it on
                  | level 3 of the Shoals)
 43284 | Shoals:3 | Reached skill level 15 in Fighting
 43439 | Shoals:2 | Bought an uncursed ring of wizardry for 540 gold pieces
 43586 | Shoals:3 | Reached XP level 19. HP: 201/201 MP: 39/40
 43857 | Shoals:3 | Found a bloodstained altar of Trog.
 44032 | Shoals:4 | Entered Level 4 of the Shoals
 44230 | Shoals:4 | Got a faintly glowing wooden ring
 44231 | Shoals:4 | Identified the ring of the Invisible Hand {+Fly rF+} (You
                  | found it on level 4 of the Shoals)
 44718 | Shoals:4 | Reached skill level 18 in Spellcasting
 45368 | Shoals:4 | Got a barnacled rune of Zot
 45896 | Vaults:1 | Entered Level 1 of the Vaults
 45936 | Vaults:1 | Found Qigego's Assorted Antiques.
 47188 | Vaults:1 | Reached skill level 15 in Shields
 47794 | Vaults:1 | Found Ykluronir's General Store.
 47803 | Vaults:1 | Found Tuttam's Book Emporium.
 47896 | Vaults:1 | Found Momyept's Gadget Shop.
 47960 | Vaults:1 | Reached XP level 20. HP: 213/213 MP: 15/42
 48357 | Vaults:2 | Reached skill level 19 in Spellcasting
 49079 | Vaults:2 | Noticed Nikola
 49085 | Vaults:2 | Killed Nikola
 50224 | Vaults:2 | Found a staircase to the Crypt.
 50739 | Vaults:2 | Learned a level 9 spell: Absolute Zero
 51187 | Vaults:3 | Reached skill level 20 in Spellcasting
 51768 | Vaults:3 | Reached skill level 15 in Ice Magic
 52241 | Vaults:3 | Reached XP level 21. HP: 227/227 MP: 45/45
 53624 | Vaults:3 | Found Wafiherot's Distillery.
 54060 | Vaults:4 | Reached skill level 21 in Spellcasting
 56393 | Vaults:5 | Entered Level 5 of the Vaults
 56396 | Vaults:5 | Reached XP level 22. HP: 241/241 MP: 47/47
 56396 | Vaults:5 | Noticed an ancient lich
 56400 | Vaults:5 | Killed an ancient lich
 56400 | Vaults:5 | Reached skill level 22 in Spellcasting
 56402 | Vaults:5 | Noticed a golden dragon
 56408 | Vaults:5 | Killed a golden dragon
 56616 | Vaults:5 | Noticed a golden dragon
 56617 | Vaults:5 | Killed a golden dragon
 56932 | Vaults:5 | Paralysed by an ogre mage for 5 turns
 57750 | Vaults:5 | Reached skill level 23 in Spellcasting
 57849 | Vaults:5 | Identified the Tome of the Sinister Oath
 58193 | Vaults:5 | Identified Sif Muna's Volume of Fire and Displacement
 58199 | Vaults:5 | Identified Sif Muna's Reference Book on Venom and Ignition
 58316 | Vaults:5 | Reached XP level 23. HP: 236/254 MP: 40/50
 58725 | Vaults:5 | Identified the Incunabulum of Mutagenic Bewitchment
 59016 | Vaults:5 | Got a silver rune of Zot
 59058 | Vaults:5 | Found the ring of Shadows {Umbra +Inv Stlth+}
 59065 | Vaults:5 | Identified the +7 demon trident "Raisin" {drain, +Blink rF+
                  | Str+2 Int+3} (You found it on level 5 of the Vaults)
 59089 | Vaults:5 | Identified the +3 scimitar of Neurosis {vamp, rF+} (You
                  | found it on level 5 of the Vaults)
 59092 | Vaults:5 | Identified the cursed +2 rapier "Amemaop" {vorpal, rElec
                  | rF+} (You found it on level 5 of the Vaults)
 59710 | Vaults:5 | Noticed a golden dragon
 59713 | Vaults:5 | Killed a golden dragon
 59903 | Vaults:5 | Identified the ring "Isuonaj" {+Blink rN+} (You found it on
                  | level 5 of the Vaults)
 60271 | Depths:1 | Entered Level 1 of the Depths
 60428 | D:15     | Learned a level 9 spell: Fire Storm
 60487 | Depths:1 | Found a gateway to a ziggurat.
 60489 | Depths:1 | Reached skill level 24 in Spellcasting
 60611 | Depths:1 | Found a one-way gate leading to the halls of Pandemonium.
 60896 | Depths:1 | Noticed Sojobo
 60906 | Depths:1 | Killed Sojobo
 61128 | Depths:1 | Learned a level 8 spell: Ignition
 61205 | Depths:1 | Found a gateway to Hell.
 61423 | Depths:1 | Identified the ring "Tisoz" {*Slow Int+8 Dex+5 Slay+4}
 61923 | Depths:1 | Found Rohud's Magic Scroll Emporium.
 62731 | Depths:2 | Reached XP level 24. HP: 171/265 MP: 34/51
 63475 | Depths:2 | Identified the cursed +3 spear of Mecarani {vorpal, rPois
                  | rC- Int+4} (You found it on level 2 of the Depths)
 63628 | D:11     | Killed KennyOmg's ghost
 63634 | D:11     | Identified the +3 war axe "Onlip" {freeze, *Rage rN+ Str+6
                  | Dex+2} (You found it on level 11 of the Dungeon)
 63730 | Orc:2    | Bought a fine pewter ring for 120 gold pieces
 63730 | Orc:2    | Bought a clouded platinum ring for 120 gold pieces
 63730 | Orc:2    | Identified the ring "Qukasopt" {*Tele rC+ MR+ Int+3 Dex-2}
                  | (You bought it in a shop on level 2 of the Orcish Mines)
 63731 | Orc:2    | Identified the ring of Qoroiw {Wiz +Inv Slay+3 Stlth+} (You
                  | bought it in a shop on level 2 of the Orcish Mines)
 63992 | Lair:6   | Identified the +5 dagger "Typoh" {freeze, +Fly rC+ Dex+6}
                  | (You found it on level 6 of the Lair of Beasts)
 64416 | Vaults:5 | Identified the cursed +3 short sword "Zaupug" {drain, rElec
                  | Stlth+} (You found it on level 5 of the Vaults)
 64489 | Vaults:5 | Identified the cursed +2 long sword of the Shark {protect,
                  | rF++ rN+ Str+2} (You found it on level 5 of the Vaults)
 64780 | Depths:2 | Noticed Bai Suzhen
 64781 | Depths:2 | Killed Bai Suzhen
 65042 | Depths:2 | Identified the +3 falchion "Keli" {vorpal, MP-9 Dex+7}
 65061 | Depths:2 | Identified the amulet "Quwaic" {Regen+ Str+2 Int+6}
 65315 | Depths:2 | Learned a level 2 spell: Blink
 65322 | Depths:2 | Learned a level 6 spell: Statue Form
 65329 | Depths:2 | Learned a level 6 spell: Starburst
 65399 | Depths:2 | Found Helul's Distillery.
 65407 | Depths:2 | Bought 2 potions of cancellation for 240 gold pieces
 65407 | Depths:2 | Bought a potion of haste for 150 gold pieces
 65407 | Depths:2 | Bought a potion of heal wounds for 75 gold pieces
 66124 | Depths:3 | Noticed the Enchantress
 66132 | Depths:3 | Killed the Enchantress
 66643 | Depths:3 | Found a one-way gate to the infinite horrors of the Abyss.
 67230 | Depths:3 | Reached skill level 25 in Spellcasting
 67376 | Depths:3 | Gained mutation: Your magical capacity is low. (-10% MP)
                  | [mutagenic glow]
 67697 | Depths:3 | Reached skill level 5 in Dodging
 68260 | Depths:4 | Reached XP level 25. HP: 276/276 MP: 37/46
 68273 | Depths:4 | Noticed an ancient lich
 68274 | Depths:4 | Killed an ancient lich
 68274 | Depths:4 | Reached skill level 1 in Earth Magic
 68784 | Depths:4 | Identified the Grimoire of Dark Magic
 69375 | Depths:4 | Found Amulawke's Elemental Accessories.
 69773 | Depths:4 | Learned a level 6 spell: Invisibility
 69776 | Depths:4 | Learned a level 2 spell: Sublimation of Blood
 70350 | Depths:5 | Entered Level 5 of the Depths
 71705 | Depths:5 | Found a gate to the Realm of Zot.
 71815 | Zot:1    | Entered Level 1 of the Realm of Zot
 72156 | Zot:1    | Reached XP level 26. HP: 288/288 MP: 36/47
 72449 | Zot:1    | Reached skill level 26 in Spellcasting
 72449 | Zot:1    | Reached skill level 10 in Fire Magic
 74022 | Zot:2    | Noticed an orb of fire
 74024 | Zot:2    | Killed an orb of fire
 74032 | Zot:2    | Lost mutation: Your magical capacity is low. (-10% MP)
                  | [potion of mutation]
 74032 | Zot:2    | Gained mutation: You are partially covered in iridescent
                  | scales. (AC +2) [potion of mutation]
 74032 | Zot:2    | Gained mutation: You have a pair of small antennae on your
                  | head. [potion of mutation]
 74980 | Zot:3    | Reached XP level 27. HP: 301/301 MP: 47/53
 75354 | Zot:3    | Gained mutation: Your magical capacity is low. (-10% MP)
                  | [mutagenic glow]
 75492 | Zot:2    | Lost mutation: Your magical capacity is low. (-10% MP)
                  | [potion of mutation]
 75492 | Zot:2    | Lost mutation: You have a pair of small antennae on your
                  | head. [potion of mutation]
 75492 | Zot:2    | Lost mutation: You are partially covered in iridescent
                  | scales. (AC +2) [potion of mutation]
 75492 | Zot:2    | Gained mutation: Your mind is acute. (Int +2) [potion of
                  | mutation]
 75492 | Zot:2    | Gained mutation: Potions are less effective at restoring
                  | your health. [potion of mutation]
 75492 | Zot:2    | Gained mutation: You possess an exceptional clarity of
                  | mind. [potion of mutation]
 75492 | Zot:2    | Gained mutation: You passively map a small area around you.
                  | [potion of mutation]
 75493 | Zot:2    | Lost mutation: Potions are less effective at restoring your
                  | health. [potion of mutation]
 75493 | Zot:2    | Lost mutation: You possess an exceptional clarity of mind.
                  | [potion of mutation]
 75493 | Zot:2    | Lost mutation: Your mind is acute. (Int +2) [potion of
                  | mutation]
 75493 | Zot:2    | Gained mutation: You have large cloven feet. [potion of
                  | mutation]
 75493 | Zot:2    | Gained mutation: Your body sometimes deteriorates upon
                  | taking damage. [potion of mutation]
 75493 | Zot:2    | Gained mutation: You are somewhat resistant to further
                  | mutation. [potion of mutation]
 75494 | Zot:2    | Lost mutation: You passively map a small area around you.
                  | [potion of mutation]
 75494 | Zot:2    | Lost mutation: Your body sometimes deteriorates upon taking
                  | damage. [potion of mutation]
 75494 | Zot:2    | Lost mutation: You are somewhat resistant to further
                  | mutation. [potion of mutation]
 75494 | Zot:2    | Gained mutation: You passively map a small area around you.
                  | [potion of mutation]
 75494 | Zot:2    | Gained mutation: You are robust. (+10% HP) [potion of
                  | mutation]
 76046 | Zot:3    | Reached skill level 27 in Spellcasting
 76137 | Zot:4    | Identified a scroll of acquirement
 76137 | Zot:4    | Acquired 607 gold pieces
 76234 | Zot:4    | Reached skill level 1 in Unarmed Combat
 77377 | Zot:5    | Entered Level 5 of the Realm of Zot
 77391 | Zot:5    | Found a huge runed gate.
 77391 | Zot:5    | Found a huge runed gate.
 77420 | Zot:5    | Found a huge runed gate.
 77420 | Zot:5    | Found a huge runed gate.
 77420 | Zot:5    | Found a huge runed gate.
 77420 | Zot:5    | Found a huge runed gate.
 77420 | Zot:5    | Found a huge runed gate.
 77420 | Zot:5    | Found a huge runed gate.
 77420 | Zot:5    | Found a huge runed gate.
 77422 | Zot:5    | Found a huge runed gate.
 77448 | Zot:5    | Found a huge runed gate.
 77448 | Zot:5    | Found a huge runed gate.
 77448 | Zot:5    | Found a huge runed gate.
 77448 | Zot:5    | Found a huge runed gate.
 77448 | Zot:5    | Found a huge runed gate.
 77448 | Zot:5    | Found a huge runed gate.
 77449 | Zot:5    | Found Gututuc's Changing Room.
 77449 | Zot:5    | Found a huge runed gate.
 77450 | Zot:5    | Found a huge runed gate.
 77497 | Zot:5    | Found a huge runed gate.
 77507 | Zot:5    | Found a huge runed gate.
 77507 | Zot:5    | Found a huge runed gate.
 77507 | Zot:5    | Found a huge runed gate.
 77507 | Zot:5    | Found a huge runed gate.
 77507 | Zot:5    | Found a huge runed gate.
 77507 | Zot:5    | Found a huge runed gate.
 77742 | Zot:5    | Noticed an ancient lich
 77742 | Zot:5    | Noticed an orb of fire
 77747 | Zot:5    | Gained mutation: You tend to lose your temper in combat.
                  | [an orb of fire]
 77750 | Zot:5    | Killed an orb of fire
 77751 | Zot:5    | Killed an ancient lich
 77758 | Zot:5    | Noticed an ancient lich
 77766 | Zot:5    | Noticed an ancient lich
 77767 | Zot:5    | Cast into level 5 of the Abyss (an ancient lich)
 77767 | Abyss:5  | Entered Level 5 of the Abyss
 78314 | Zot:5    | Escaped the Abyss
 78317 | Zot:5    | Reached skill level 5 in Unarmed Combat
 78318 | Zot:5    | Killed from afar by an ancient lich

Illustrated notes

Levels and vault maps discovered:
D:1:      ebering_trefoil_twist, layout_basic, serial_bayou,
          serial_bayou_lagoon_a, serial_bayou_shore_a, serial_bayou_lake_a,
          serial_bayou_shore_b, chequers_serial_rivers_marsh,
          minmay_pentomino_v2
D:2:      layout_basic, chequers_temple_overflow_statue_of_worship,
          kennysheep_generic_room_10, uniq_terence
D:3:      minmay_inner_zag, layout_loops_ring, ashenzari_altar_1,
          overflow_temple_1_default, tgw_trog, uniq_robin, uniq_grinder
D:4:      layout_loops_cross, okawaru_metal_pillars_3, uniq_natasha
D:5:      lemuel_upstairs_altar, layout_gridville, fedhas_ov_isle_minmay,
          gup_ossuary_entry_pyramid
D:6:      layout_basic, minmay_temple_entry_antechambers, dk_noncrumbling_4
D:7:      layout_layer_cave, kennysheep_generic_room_7, uniq_joseph
D:8:      layout_cave_pools, marbit_many_paths, uniq_grum
D:9:      layout_stronghold, lemuel_crystal_altar, zin_angel
D:10:     layout_loops_ring, orc_0_dummy, minmay_alternating_orb
D:11:     layout_roguey, lair_entry_dummy, gammafunk_ghost_hydra_chop,
          special_room [special_room_orc], uniq_erolcha
D:12:     kennysheep_seaside_town, layout_loops_cross, minmay_misc_feat_chi
D:13:     layout_irregular_city, uniq_urug
D:14:     layout_loops_cross, hangedman_vaults_entry_quadrant_bands,
          serial_shops, shop, minmay_misc_feat_nine_boxes, enter_trove_0,
          gauntlet_entry_generic, uniq_roxanne
D:15:     hangedman_depths_entry_civil_slaughter, layout_irregular_city,
          basic_altar, abandoned_shop, wad_dig_loot
Lair:1:   gammafunk_cloud_chamber, layout_misc_corridors, uniq_maggie
Lair:2:   layout_chaotic_city, minmay_shoals_entry_beasts, beast_lair_carwin_6,
          grunt_megastairs_4
Lair:3:   layout_cave_shapes, swamp_mist, kennysheep_basilisk_garden
Lair:4:   layout_concentric_octagons
Lair:5:   layout_regular_city, minmay_slime_entry_pillars, uniq_josephine
Lair:6:   guppyfry_lair_end_dragon, layout_long_grid,
          hangedman_lair_tendril_chambers, wad_woods_road_02,
          minmay_shattered_shrine
Swamp:1:  layout_falls_marsh, serial_swamp_ruin, evilmike_swamp_ruin_rubble_1,
          evilmike_swamp_ruin_house_1
Swamp:2:  layout_basic_swamp, nicolae_swamp_round_clearing, swamp_pool2
Swamp:3:  layout_falls_marsh, evilmike_swamp_ruin_house_2, swamp_pool5,
          infiniplex_staircase_pool
Swamp:4:  swamp_old_school, layout_basic_swamp
Shoals:1: cheibrodos_shoals_baths, layout_shoals, serial_shops, shop,
          nicolae_shoals_flooded_hall
Shoals:2: layout_shoals, serial_shops, shop_fountains, nicolae_shoals_so_close,
          uniq_jorgrun
Shoals:3: layout_shoals, gammafunk_ghost_wrathful_warriors,
          hangedman_feature_mirror
Shoals:4: shoals_end_simple, layout_shoals
Orc:1:    layout_caves
Orc:2:    st_orc_ogre_mass, layout_caves, serial_shops, nicolae_shop_trees
Vaults:1: nicolae_vaults_ring_of_whatevers, hangedman_vaults_locks, v_rooms_2,
          nicolae_vaults_little_squares_5, v_rooms_4, hangedman_vaults_corner,
          hangedman_vaults_river_flow, vaults_dpeg_hooks,
          ontoclasm_vaults_shout, vaults_mumra_minichess_inversion,
          layout_vaults_ring, serial_shops, shop, shop_statue,
          nicolae_shop_behind_doors, shop
Vaults:2: minmay_crypt_entry_simple_box, nicolae_vaults_windows_and_doors_thing,
          nicolae_vaults_inception_scallops, nicolae_vaults_asterisk,
          grunt_vaults_hallway_long, v_misc_22, vaults_room_door_hall,
          nicolae_vaults_alarming, ontoclasm_vaults_gallery,
          layout_vaults_big_room, uniq_nikola
Vaults:3: vaults_mumra_lcd, vaults_dpeg_doors, v_rooms_5,
          nicolae_vaults_gold_heap, v_misc_18, vaults_room_ringed_pool,
          v_alt_pattern_5, vaults_dpeg_diagonal, dpeg_vaults_monster_row,
          hangedman_vaults_stretched_pinwheel, v_pattern_1,
          vaults_mumra_minichess, nicolae_vaults_lopsided_apartments,
          ontoclasm_vaults_fault, nicolae_vaults_ring_of_whatevers,
          ontoclasm_vaults_pinch, layout_vaults_maze_snakey, serial_shops,
          nicolae_shop_statue_plus
Vaults:4: nicolae_vaults_angled_halls, vaults_standard_mumra_lines,
          nicolae_vaults_ring_of_whatevers, v_misc_2,
          nicolae_vaults_network_barrier, ontoclasm_vaults_ring_square,
          nicolae_vaults_triangles, v_misc_24, ontoclasm_vaults_chip,
          vaults_room_grid, grunt_vaults_hallway_long, st_more_cells,
          nicolae_vaults_yaktaur_gun_rack, vaults_room_stairs_pillars,
          nicolae_vaults_little_squares_6, layout_vaults_omnicross
Vaults:5
Depths:1: layout_long_grid, enter_ziggurat_d, grunt_mini_vestibule,
          serial_shops, shop, rand_demon_pan_entry_8, minmay_misc_feat_tiny,
          kennysheep_crisscross, minivault_10, kennysheep_nondescript,
          minmay_mirror_moons_of_madness, uniq_sojobo
Depths:2: kennysheep_green_arena, layout_basic, serial_shops, shop,
          rand_demon_pan_entry_9, hell_entry, serial_bayou_shore_b,
          minmay_staircase_statues_hall_small, uniq_bai_suzhen
Depths:3: minmay_skeleton_keep, layout_small_grid,
          hangedman_decor_clover_reticule, abyss_entry,
          grunt_pan_entry_in_and_out, hell_entry, minmay_staircase_bubble,
          uniq_enchantress
Depths:4: kennysheep_funnel, layout_gridlike, special_room
          [special_room_morgue], hell_entry, abyss_entry_crystal,
          roderic_serpentine_path, nicolae_elemental_shop,
          infiniplex_staircase_hallway_doors
Depths:5: grunt_zot_entry_pinwheel, layout_cave_pools, pan_entry,
          hangedman_abyss_or_decor_stabs, hell_entry, abyss_entry, uniq_margery
Zot:1:    layout_gridlike, st_stairs_3
Zot:2:    layout_basic
Zot:3:    layout_misc_corridors, nicolae_zot_crop_circle
Zot:4:    layout_misc_corridors, grunt_megastairs_1
Zot:5:    layout_twisted_circle, st_stairs_7, grunt_ministairs_4,
          not_door_vault_mu, nicolae_transmutations_shop, skrybe_zot_glass_2

Skill      XL: |  1  2  3  4  5  6  7  8  9 10 11 12 13 14 15 16 17 18 19 20 21 22 23 24 25 26 27 |
---------------+----------------------------------------------------------------------------------+-----
Spellcasting   | 3 4 5 6 7 8 9 10 11 12 14 15 16 17 18 20 21 23 24 25 26 27 | 27.0
Conjurations   | 4 5 6 7 8 9 10 11 12 14 | 14.0
Fighting       | 1 2 3 4 5 6 7 8 9 11 12 13 14 15 16 17 18 19 20 21 22 23 | 23.2
Hexes          | 1 2 3 4 5 |  5.0
Evocations     | 1 2 3 5 7 |  7.6
Ice Magic      | 1 2 3 4 10 11 12 13 14 15 16 17 18 20 | 20.0
Shields        | 2 3 5 7 9 11 12 13 14 15 | 15.0
Fire Magic     | 1 3 5 6 7 8 9 11 12 | 12.4
Transmutations | 2 3 4 |  4.0
Poison Magic   | 1 2 3 |  3.0
Staves         | 2 4 6 |  6.0
Dodging        | 2 5 |  5.0
Earth Magic    | 4 |  4.0
Unarmed Combat | 5 |  5.0
Stealth        | |  1.4

Action                   |  1- 3 |  4- 6 |  7- 9 | 10-12 | 13-15 | 16-18 | 19-21 | 22-24 | 25-27 || total
-------------------------+-------+-------+-------+-------+-------+-------+-------+-------+-------++-------
Melee: Short sword       |    19 |    10 |    13 |       |    17 |       |       |       |       ||    59
       Staff             |       |       |       |       |    41 |    47 |    51 |    22 |       ||   161
       Demon trident     |       |       |       |       |       |       |       |    46 |    43 ||    89
       Kick              |       |       |       |       |       |       |       |       |    10 ||    10
Throw: Stone             |       |     7 |     5 |       |    31 |     6 |    18 |     4 |     6 ||    77
 Cast: Magic Dart        |    51 |     2 |     5 |       |       |       |       |       |       ||    58
       Searing Ray       |    10 |    56 |    93 |   131 |    60 |    11 |     3 |       |       ||   364
       Frozen Ramparts   |       |       |     1 |    32 |    42 |     2 |     3 |       |       ||    80
       Ozocubu's Armour  |       |       |       |     1 |       |       |       |     1 |       ||     2
       Olgreb's Toxic Ra |       |       |       |    25 |     8 |       |       |       |       ||    33
       Fulminant Prism   |       |       |       |     7 |     2 |       |       |       |       ||     9
       Sticky Flame      |       |       |       |     7 |    14 |       |     2 |       |       ||    23
       Irradiate         |       |       |       |     3 |     8 |     3 |     9 |       |     3 ||    26
       Ozocubu's Refrige |       |       |       |       |   277 |   506 |   415 |   138 |    51 ||  1387
       Bolt of Magma     |       |       |       |       |       |    11 |     4 |       |       ||    15
       Orb of Destructio |       |       |       |       |       |       |    32 |       |       ||    32
       Apportation       |       |       |       |       |       |       |     1 |       |       ||     1
       Absolute Zero     |       |       |       |       |       |       |    25 |   185 |   276 ||   486
       Ignition          |       |       |       |       |       |       |       |     6 |       ||     6
       Fire Storm        |       |       |       |       |       |       |       |       |     3 ||     3
       Sublimation of Bl |       |       |       |       |       |       |       |       |     3 ||     3
Evoke: Wand              |       |       |       |     3 |     8 |    10 |     2 |       |       ||    23
  Use: Scroll            |       |       |     9 |     7 |     5 |    16 |     3 |    26 |    10 ||    76
       Potion            |       |       |     1 |       |       |       |     2 |     1 |     6 ||    10
 Stab: Paralysed         |       |       |       |       |     7 |       |       |       |       ||     7
Armor: Robe              |     9 |    10 |    14 |    21 |       |     1 |    10 |    13 |    26 ||   104
       Troll leather arm |       |       |       |    22 |    35 |    15 |       |       |       ||    72
Dodge: Dodged            |    13 |    20 |    68 |    70 |    87 |    47 |    40 |    26 |    43 ||   414
Block: Kite shield       |       |       |     7 |    47 |    59 |       |       |       |       ||   113
       Tower shield      |       |       |       |       |    27 |   155 |   128 |    92 |   124 ||   526
       Reflection        |       |       |       |       |       |       |       |     5 |       ||     5

Table legend: (Time is in decaauts)
 A = Elapsed time spent in this place.
 B = Non-inter-level travel time spent in this place.
 C = Inter-level travel time spent in this place.
 D = Time resting spent in this place.
 E = Time spent auto-exploring this place.
 F = Levels seen in this place.
 G = Mean time per level.
                   A        B        C        D        E       F      G
               +--------+--------+--------+--------+--------+-----+--------+
         Total |  79068 |  75094 |   3974 |   7964 |  58219 |  49 | 1613.6 |
       Dungeon |  20943 |  19590 |   1353 |   1139 |  16011 |  15 | 1396.2 |
          Lair |  10785 |   9968 |    817 |    793 |   7941 |   6 | 1797.5 |
         Swamp |   6129 |   5944 |    185 |   1303 |   4126 |   4 | 1532.2 |
        Shoals |   6434 |   6225 |    209 |      0 |   5636 |   4 | 1608.5 |
  Orcish Mines |   2252 |   2136 |    116 |    579 |   1246 |   2 | 1126.0 |
        Vaults |  14673 |  13939 |    734 |   1231 |  11110 |   5 | 2934.6 |
        Depths |  10249 |   9847 |    402 |   1500 |   7173 |   5 | 2049.8 |
           Zot |   5897 |   5742 |    155 |   1035 |   4123 |   5 | 1179.4 |
         Abyss |    550 |    550 |      0 |    242 |    111 |   1 |  550.0 |
       Ossuary |    578 |    578 |      0 |     86 |    377 |   1 |  578.0 |
      Gauntlet |    575 |    575 |      0 |     55 |    362 |   1 |  575.0 |
               +--------+--------+--------+--------+--------+-----+--------+

Top non-repeatable levels by time:
  Lair:6: 3959 daAuts
Vaults:5: 3291 daAuts
Vaults:4: 3009 daAuts
Vaults:2: 2898 daAuts
Vaults:3: 2862 daAuts
Vaults:1: 2611 daAuts
Depths:1: 2259 daAuts
Depths:2: 2259 daAuts
     D:7: 2234 daAuts
Depths:3: 2164 daAuts
Depths:4: 2030 daAuts
   Zot:2: 1995 daAuts
 Swamp:4: 1857 daAuts
Shoals:1: 1802 daAuts
Shoals:2: 1784 daAuts
